 Dungeon Sprint DCSS version 0.30-a0-777-ga9a30cbeda (webtiles) character file.

Game seed: 9260779584260891741

163 Hubris850 the Covert (level 5, -6/28 HPs)
             Began as a Kobold Enchanter on Feb 13, 2023.
             Was a Priest of Uskayaw.
             Killed from afar by an orc wizard (10 damage)
             ... with a puff of flame
             ... in the Dungeon (Sprint VII: "The Pits").
             The game lasted 00:02:05 (116 turns).

Hubris850 the Covert (Kobold Enchanter)              Turns: 116, Time: 00:02:06

Health: -6/28      AC:  2    Str:  5    XL:     5   Next: 73%
Magic:  2/8        EV: 16    Int: 17    God:    Uskayaw [***...]
Gold:   0          SH:  0    Dex: 17    Spells: 8/8 levels left

rFire   . . .      SeeInvis .    j - +2 dagger
rCold   . . .      Faith    .    (no shield)
rNeg    . . .      Spirit   .    b - +0 robe
rPois   .          Reflect  .    (no helmet)
rElec   .          Harm     .    (no cloak)
rCorr   .          Rampage  .    (no gloves)
Will    .....      NoTele   +    (no boots)
Stlth   +++                      (no amulet)
HPRegen 0.24/turn                (no ring)
MPRegen 0.11/turn                (no ring)

@: confused, invisible
A: small, no large weapons, nightstalker 3
a: Renounce Religion, Stomp, Line Pass


You were in the Dungeon.
You worshipped Uskayaw.
Uskayaw was noncommittal.
You visited 1 branch

Inventory:

Hand Weapons
 a - a +1 dagger
 j - a +2 dagger (weapon)
Armour
 b - a +0 robe (worn)
Scrolls
 i - a scroll of blinking
 k - 5 scrolls of amnesia
 l - a scroll of butterflies
Potions
 c - 3 potions of invisibility
 e - a potion of heal wounds
 f - a potion of haste
 g - 4 potions of magic
 h - 3 potions of berserk rage


   Skills:
 + Level 9.6 Short Blades
 - Level 3.5 Dodging
 + Level 11.2 Stealth
 - Level 2.1 Spellcasting
 - Level 3.0 Hexes


You had 8 spell levels left.
You didn't know any spells.
Your spell library contained the following spells:

 Spells                   Type           Power      Damage    Failure   Level
 Ensorcelled Hibernation  Hex/Ice        12%        N/A       16%         2
 Confusing Touch          Hex            12%        N/A       17%         3
 Tukima's Dance           Hex            12%        N/A       17%         3
 Dazzling Flash           Conj/Hex       12%        N/A       30%         3


Dungeon Overview and Level Annotations

Branches:
Dungeon (1/1)

Altars:
Ashenzari
Cheibriados
Dithmenos
Elyvilon
Fedhas
Gozag
Hepliaklqana
Kikubaaqudgha
Makhleb
Nemelex Xobeh
Okawaru
Qazlal
Ru
Sif Muna
Trog
Uskayaw
Vehumet
Wu Jian
Xom
Yredelemnul
Zin
The Shining One
Jiyva
Lugonu


Innate Abilities, Weirdness & Mutations

You are small and have problems with some larger weapons.
You are completely attuned to the shadows.


Message History

You hit the orc wizard but do no damage.
The orc wizard is heavily wounded.
You closely miss the orc wizard.
The orc wizard is heavily wounded.
The orc misses you. The orc wizard closely misses you.
The orc closely misses you.
You hit the orc wizard but do no damage.
The orc wizard is heavily wounded.
You barely miss the orc wizard.
The orc wizard is heavily wounded.
The orc wizard hits you with a +0 dagger.
The orc barely misses you. The orc closely misses you.
You completely miss the orc wizard.
The orc wizard is heavily wounded.
You closely miss the orc wizard.
The orc wizard is heavily wounded.
The orc misses you.
You hit the orc wizard.
The orc wizard is severely wounded.
The orc misses you. The orc closely misses you.
You hit the orc wizard.
The orc wizard is severely wounded.
You hit the orc wizard but do no damage.
The orc wizard is severely wounded.
The orc wizard completely misses you. The orc hits you with a +0 flail!
* * * LOW HITPOINT WARNING * * *
The orc barely misses you.
You hit the orc wizard but do no damage.
The orc wizard is severely wounded.
You completely miss the orc wizard.
The orc wizard is severely wounded.
The orc hits you with a +0 flail.
* * * LOW HITPOINT WARNING * * *
The orc wizard casts a spell at you.
You are confused.
The orc misses you.
You fade into invisibility!
The orc wizard casts a spell at you. The puff of flame hits you!
You die...

###'#####......#.
#.....##........
#####'#####'####
#...).##.......#
#.)...##.......#
###'####.......#
##+#Z.)..##...<...#
#..ool...##.......#
#..@oo...##.......#
###########.......#
#########


You could see an orc wizard (unable to see you), 3 orcs, a frilled lizard
(unable to see you) and a ball python skeleton (unable to see you).

Vanquished Creatures
  A floating eye (D)
  A scorpion (D)
  2 orcs (D)
  A goblin (D)
  A kobold (D)
  A rat (D)
7 creatures vanquished.

Notes
Turn   | Place    | Note
-------+----------+-------------------------------------------
     0 | D        | Hubris850 the Kobold Enchanter began the quest for the Orb.
     0 | D        | Reached XP level 1. HP: 10/10 MP: 3/3
    40 | D        | Found a glowing golden altar of the Shining One.
    40 | D        | Found a glowing silver altar of Zin.
    40 | D        | Found a bloodstained altar of Trog.
    40 | D        | Found a shimmering blue altar of Sif Muna.
    40 | D        | Found a sacrificial altar of Ru.
    40 | D        | Found a stormy altar of Qazlal.
    40 | D        | Found a viscous altar of Jiyva.
    40 | D        | Found a hazy altar of Hepliaklqana.
    40 | D        | Found an opulent altar of Gozag.
    40 | D        | Found a blossoming altar of Fedhas.
    41 | D        | Found a basalt altar of Yredelemnul.
    41 | D        | Found an iron altar of Okawaru.
    41 | D        | Found a white marble altar of Elyvilon.
    42 | D        | Found a shimmering altar of Xom.
    42 | D        | Found a sparkling altar of Nemelex Xobeh.
    42 | D        | Found a shadowy altar of Dithmenos.
    43 | D        | Found an ornate altar of the Wu Jian Council.
    43 | D        | Found a burning altar of Makhleb.
    43 | D        | Found a snail-covered altar of Cheibriados.
    44 | D        | Found a radiant altar of Vehumet.
    44 | D        | Found a corrupted altar of Lugonu.
    45 | D        | Found a hide-covered altar of Uskayaw.
    45 | D        | Found an ancient bone altar of Kikubaaqudgha.
    45 | D        | Found a broken altar of Ashenzari.
    50 | D        | Became a worshipper of Uskayaw the Reveller
    65 | D        | Noticed a floating eye
    68 | D        | Reached * piety under Uskayaw
    69 | D        | Reached ** piety under Uskayaw
    71 | D        | Killed a floating eye
    71 | D        | Reached *** piety under Uskayaw
    72 | D        | Reached skill level 9 in Stealth
    72 | D        | Reached XP level 2. HP: 15/15 MP: 5/5
    72 | D        | Reached XP level 3. HP: 19/19 MP: 6/6
    72 | D        | Reached XP level 4. HP: 24/24 MP: 7/7
    72 | D        | Noticed a scorpion
    77 | D        | Killed a scorpion
    77 | D        | Reached **** piety under Uskayaw
    78 | D        | Reached skill level 11 in Stealth
    78 | D        | Reached XP level 5. HP: 21/28 MP: 8/8
   116 | D        | Killed from afar by an orc wizard

Illustrated notes

Levels and vault maps discovered:
D:        pitsprint [storerooms_1, entrance_room_1, metal_vault_5, armoury_1,
          mini_pit_1, grid_room_1, main_hall_1, silver_pit, the_coven_1,
          the_vestibule_1, steel_vault_4, golden_pit, hallway_of_sentries,
          crystal_vault_5, iron_vault_1, final_vault]

Skill      XL: |  1  2  3  4 |
---------------+-------------+-----
Short Blades   | 7 9 |  9.6
Dodging        | 3 |  3.5
Stealth        | 9 11 | 11.2
Spellcasting   | |  2.1
Hexes          | |  3.0

Action                     |  1- 3 |  4- 6 || total
---------------------------+-------+-------++-------
  Melee: Dagger            |     9 |    32 ||    41
         Punch             |       |     1 ||     1
 Invoke: Stomp             |       |     1 ||     1
         Line Pass         |       |     1 ||     1
    Use: Potion            |       |     2 ||     2
   Stab: Paralysed         |       |     1 ||     1
         Sleeping          |       |     2 ||     2
         Confused          |       |     1 ||     1
 Armour: Robe              |       |     1 ||     1
  Dodge: Dodged            |     1 |    28 ||    29

Table legend: (Time is in decaauts)
 A = Elapsed time spent in this place.
 B = Non-inter-level travel time spent in this place.
 C = Inter-level travel time spent in this place.
 D = Time resting spent in this place.
 E = Time spent auto-exploring this place.
 F = Levels seen in this place.
 G = Mean time per level.
                   A        B        C        D        E       F      G
               +--------+--------+--------+--------+--------+-----+--------+
         Total |    100 |    100 |      0 |      0 |      0 |   1 |  100.0 |
       Dungeon |    100 |    100 |      0 |      0 |      0 |   1 |  100.0 |
               +--------+--------+--------+--------+--------+-----+--------+

Top non-repeatable levels by time:
       D: 100 daAuts
